 Dungeon Crawl Stone Soup version 0.22-a0-525-gf69a080 (webtiles) character file.

8 iamserjio the Charmwright (level 2, -4/15 HPs)
             Began as a Vine Stalker Skald on June 21, 2018.
             Killed from afar by Natasha (7 damage)
             ... with a magic dart
             ... on level 2 of the Dungeon.
             The game lasted 00:01:30 (168 turns).

iamserjio the Charmwright (Vine Stalker Skald)       Turns: 168, Time: 00:01:31

Health: -4/15      AC:  3    Str: 13    XL:     2   Next: 8%
Magic:  0/6        EV: 11    Int: 13    God:
Gold:   0          SH:  0    Dex: 13    Spells: 4/5 levels left

rFire    + . .     SeeInvis .   e - +0 spear
rCold    x . .     Gourm    .   (no shield)
rNeg     . . .     Faith    .   a - +0 leather armour
rPois    .         Spirit   +   (no helmet)
rElec    .         Reflect  .   (no cloak)
rCorr    .         Harm     .   (no gloves)
MR       .....                  (no boots)
Stlth    +.........             (no amulet)
HPRegen  0.05/turn              g - ring of fire
MPRegen  0.10/turn              (no ring)

@: infused
A: fangs 2, magic shield, antimagic bite, no potion heal 3, rot immunity
a: no special abilities


You were on level 2 of the Dungeon.
You were not hungry.

You visited 1 branch of the dungeon, and saw 2 of its levels.

Inventory:

Hand Weapons
 e - a +0 spear (weapon)
Armour
 a - a +0 leather armour (worn)
Jewellery
 g - a ring of fire (left hand)
Wands
 f - a wand of flame (26)
Scrolls
 b - 2 scrolls of identify {unknown}
 d - a scroll of enchant weapon {unknown}
 i - a scroll of enchant armour {unknown}
Potions
 h - 2 potions of might {unknown}
Comestibles
 c - 3 rations


   Skills:
 + Level 2.0 Fighting
 - Level 0.7 Armour
 - Level 1.5 Dodging
 * Level 2.5 Unarmed Combat
 - Level 2.1 Spellcasting
 - Level 3.0 Charms


You had 4 spell levels left.
You knew the following spells:

 Your Spells              Type           Power        Failure   Level  Hunger
a - Infusion              Chrm           #...         10%         1    ##.....

Your spell library contained the following spells:

 Spells                   Type           Power        Failure   Level  Hunger
 Regeneration             Chrm/Necr      #.........   45%         3    ####...
 Shroud of Golubria       Chrm/Tloc      #.........   26%         2    ###....
 Song of Slaying          Chrm           #.......     14%         2    ###....
 Spectral Weapon          Hex/Chrm       #.......     45%         3    ####...


Dungeon Overview and Level Annotations

Branches:
Dungeon (2/15)

Altars:
Trog

Annotations:
D:2 Natasha


Innate Abilities, Weirdness & Mutations

You have extremely sharp teeth.
When hurt, damage is shared between your health and your magic reserves.
Your bite disrupts and absorbs the magic of your enemies.
Potions cannot restore your health.
You are immune to rotting.


Message History

Natasha hisses angrily.
Found a scroll labeled IMITIPSY YFAY and a scroll labeled BAKLOF JIATY.
The goblin shouts!
Natasha stares at you and mumbles some strange words.
The magic dart hits you!
Casting: Infusion (safe; 10% risk of failure)
Confirm with . or Enter, or press ? or * to list all spells.
You begin infusing your attacks with magical energy.
You barely miss Natasha. Natasha closely misses you. Natasha claws you!
* * * LOW HITPOINT WARNING * * *
You barely miss Natasha. Natasha misses you.
You completely miss Natasha. The goblin barely misses you.
Natasha barely misses you.
You hit Natasha.
Natasha is moderately wounded.
The goblin hits you.
* * * LOW HITPOINT WARNING * * *
Natasha casts a spell at you. The magic dart hits you!
You die...

.#######.#######
#...
................
.###
..######.#######
#. .. .........#
# #.. .........##
...
....####.########
...
....####.#.......
...
.........#.......
..#
........g@h..?...
.................
##....$..........
#...............
#.........######
#.........#
#...?.....#
#.........#
###########


You could see Natasha and a goblin.

Vanquished Creatures
  3 giant cockroaches
  A goblin (D:1)
  A hobgoblin (D:1)
  A kobold (D:1)
  A rat (D:2)
7 creatures vanquished.

Notes
Turn   | Place    | Note
-------+----------+-------------------------------------------
     0 | D:1      | iamserjio the Vine Stalker Skald began the quest for the Orb.
     0 | D:1      | Reached XP level 1. HP: 11/11 MP: 4/4
   101 | D:2      | Reached XP level 2. HP: 10/15 MP: 6/6
   143 | D:2      | Found a bloodstained altar of Trog.
   160 | D:2      | Noticed Natasha
   168 | D:2      | Killed from afar by Natasha

Vault maps used:
D:1:      sevenhm_arrival_forest_fort_small_3
D:2:      bloody_trog, serial_bayou_pond_a, uniq_natasha

Skill      XL: |  1 |
---------------+----+-----
Fighting       | 2 |  2.0
Armour         | |  0.7
Dodging        | |  1.5
Unarmed Combat | |  2.5
Spellcasting   | |  2.1
Charms         | |  3.0

Action                   || total
-------------------------++-------
Melee: Unarmed           ||    14
       Bite              ||     5
       Spear             ||    10
 Cast: Infusion          ||     2
Armor: Leather armour    ||     1
Dodge: Dodged            ||    11

Table legend:
 A = Spawn XP
 B = Non-spawn XP
 C = Spawn XP percentage of total XP
 D = Spawn monster count
 E = Non-spawn monster count
 F = Spawn count percentage of total count
 G = Total turns spent on level
                    A         B        C        D         E        F      G
               +---------+---------+-------+---------+---------+-------+---------
         Total |       0 |      12 |   0.0 |       0 |       7 |   0.0 |   168
               +---------+---------+-------+---------+---------+-------+---------
           D:1 |       0 |       7 |   0.0 |       0 |       4 |   0.0 |    84
           D:2 |       0 |       5 |   0.0 |       0 |       3 |   0.0 |    84
               +---------+---------+-------+---------+---------+-------+---------
